 Dungeon Crawl Stone Soup version 0.17-a0-1011-gfa70bdd (webtiles) character file.

324 Sixotanaka the Basher (level 6, -2/62 HPs)
             Began as an Ogre Berserker on May 13, 2015.
             Was a Priest of Trog.
             Killed from afar by an orc wizard (15 damage)
             ... with a puff of flame
             ... on level 4 of the Dungeon.
             The game lasted 00:05:14 (4469 turns).

Sixotanaka the Basher (Ogre Berserker)              Turns: 4469, Time: 00:05:14

Health: -2/62      AC:  5    Str: 24    XL:     6   Next: 48%
Magic:  6/6        EV: 10    Int:  6    God:    Trog [***...]
Gold:   150        SH:  0    Dex: 10    Spells: 0 memorised, 5 levels left

rFire  x . .     SeeInvis .     s - +0 flail
rCold  + . .     Clarity  .     b - +0 animal skin
rNeg   . . .     SustAb   .     (no shield)
rPois  +         Gourm    .     (helmet restricted)
rElec  .         Spirit   .     t - +1 cloak {rPois}
rCorr  .         Warding  .     (gloves unavailable)
rMut   .         Stasis   .     (boots unavailable)
MR     ++...                    (no amulet)
Stlth  +.........               (no ring)
                                k - ring of ice

@: exhausted, regenerating, slowed, very slow, very resistant to hostile
enchantments, very unstealthy
A: unfitting armour, tough skin 1
a: Burn Spellbooks, Berserk, Trog's Hand, Renounce Religion


You were on level 4 of the Dungeon.
You worshipped Trog.
Trog was most pleased with you.
You were near starving.

You visited 1 branch of the dungeon, and saw 4 of its levels.

You collected 150 gold pieces.


Innate Abilities, Weirdness & Mutations

You are too large for most types of armour.
You have tough skin (AC +1).


   Skills:
 - Level 4.0 Fighting
 + Level 9.3 Maces & Flails
 - Level 2.6 Dodging


You had 5 spell levels left.
You didn't know any spells.

Dungeon Overview and Level Annotations

Branches:
Dungeon (4/15)
 Temple: D:4-7

Altars:

Inventory:

Hand weapons
 a - a +0 mace
 d - a +0 giant spiked club
 s - a +0 flail (weapon)
 u - a +0 vampiric whip {!w}
   (You found it on level 3 of the Dungeon)
Missiles
 g - 53 stones (quivered)
 p - 7 poisoned needles
Armour
 b - a +0 animal skin (worn)
 t - a +1 cloak of poison resistance (worn)
   (You took it off Crazy Yiuf on level 2 of the Dungeon)
Jewellery
 k - a ring of ice (left hand)
Scrolls
 h - a scroll of remove curse {unknown}
 o - a scroll of blinking {unknown}
Potions
 e - 2 potions of mutation {unknown}
 f - a potion of curing {unknown}
 i - a potion of flight {unknown}
 l - a potion of ambrosia {unknown}
 m - a potion of magic {unknown}
 n - a potion of invisibility {unknown}
 q - a potion of haste {unknown}
 r - 2 potions of lignification {unknown}
Comestibles
 c - a bread ration
 j - a meat ration

.. ###....... #.#
##.........
#..##.............
#.................
..........# ...#
......).# #..#
.......l# ..#
###...oo####..#
##....@##..#
#...oo..<.#
#........##
#..####...# #..#
###..# ...# ##....
..# #.##.. ..# ..#


You could see an orc priest, an orc wizard, 2 orcs and a giant gecko.


Message History

The orc hits you with a hand axe.
An orc priest comes into view. It is wielding a mace of protection.
You feel the effects of Trog's Hand fading.
You see here 13 gold pieces.
You now have 150 gold pieces (gained 13).
The orc priest shouts!
The orc barely misses you.
The orc wizard looks braver.
The orc hits you but does no damage.
You closely miss the orc. The orc barely misses you.
You hit the orc but do no damage.
Your skin stops crawling.
You feel less resistant to hostile enchantments.
The orc hits you with a hand axe.
You hit the orc. The orc hits you with a whip.
A giant gecko comes into view.
You sock the orc!
You kill the orc!
Trog accepts your kill. The orc barely misses you.
The orc hits you but does no damage. The orc barely misses you.
You thump the orc wizard! The orc hits you but does no damage.
You hit the orc wizard.
You are near starving!
The orc wizard closely misses you. The orc closely misses you.
The orc hits you but does no damage.
The orc wizard gestures at you while chanting.
The magic dart hits you!
You barely miss the orc wizard. The orc hits you but does no damage.
The orc hits you with a hand axe. The orc wizard barely misses you.
The orc closely misses you. The orc hits you but does no damage.
You closely miss the orc wizard. The orc hits you.
The orc wizard hits you with a flail. The orc hits you with a hand axe.
You miss the orc wizard. The orc hits you but does no damage.
The orc wizard mumbles some strange words.
The orc wizard seems to speed up.
The orc hits you with a hand axe. The orc misses you.
The orc wizard casts a spell at you. The puff of frost hits you! You resist.
You hit the orc wizard but do no damage.
The orc wizard hits you with a flail. The orc hits you with a hand axe.
The orc hits you but does no damage.
You hit the orc wizard. The orc wizard barely misses you.
The orc hits you with a hand axe. The orc hits you but does no damage.
The orc wizard hits you with a flail.
* * * LOW HITPOINT WARNING * * *
You barely miss the orc wizard. The orc wizard hits you with a flail!
* * * LOW HITPOINT WARNING * * *
The orc hits you.
* * * LOW HITPOINT WARNING * * *
The orc hits you with a hand axe.
* * * LOW HITPOINT WARNING * * *
The orc priest's eyes start to glow.
The orc hits you but does no damage. The orc wizard barely misses you.
The orc closely misses you.
Drink which item? (? for menu, Esc to quit)
Okay, then.
The orc barely misses you.
The orc priest calls upon Beogh to heal the orc wizard.
The orc wizard is healed somewhat.
The orc wizard hits you with a flail.
* * * LOW HITPOINT WARNING * * *
You closely miss the orc wizard. The orc wizard hits you with a flail.
* * * LOW HITPOINT WARNING * * *
The orc closely misses you.
Your skin crawls.
You feel resistant to hostile enchantments.
You feel slightly more hungry.
The orc wizard points at you and mumbles some strange words.
The puff of flame hits you! The fire burns you terribly!
You die...

Action                   |  1- 3 |  4- 6 || total
-------------------------+-------+-------++-------
Melee: Mace              |    96 |    53 ||   149
       Flail             |       |    99 ||    99
Invok: Berserk           |       |     3 ||     3
       Trog's Hand       |       |     3 ||     3
  Use: Scroll            |       |     3 ||     3
  Eat: Chunk             |     4 |     9 ||    13

Vault maps used:
D:1:      tarquinn_simple_flora_water_c
D:2:      kennysheep_boxes, uniq_crazy_yiuf_cottage
D:4:      serial_shops, shop, nicolae_ossuary_entry_catacombs

Notes
Turn   | Place    | Note
--------------------------------------------------------------
     0 | D:1      | Sixotanaka the Ogre Berserker began the quest for the Orb.
     0 | D:1      | Reached XP level 1. HP: 24/24 MP: 1/1
   559 | D:1      | Reached XP level 2. HP: 32/32 MP: 2/2
   706 | D:1      | Reached skill level 5 in Maces & Flails
  1329 | D:1      | Reached XP level 3. HP: 37/39 MP: 3/3
  1755 | D:2      | Acquired Trog's second power
  2196 | D:2      | Reached skill level 6 in Maces & Flails
  2225 | D:2      | Reached XP level 4. HP: 24/48 MP: 4/4
  3209 | D:2      | Noticed Crazy Yiuf
  3223 | D:2      | Killed Crazy Yiuf
  3223 | D:2      | Reached skill level 7 in Maces & Flails
  3366 | D:3      | Reached XP level 5. HP: 41/54 MP: 5/5
  3760 | D:3      | Reached skill level 8 in Maces & Flails
  4117 | D:3      | Reached XP level 6. HP: 57/62 MP: 6/6
  4442 | D:4      | Reached skill level 9 in Maces & Flails
  4465 | D:4      | HP: 13/62 [orc/hand axe (3)]
  4469 | D:4      | Killed from afar by an orc wizard

Vanquished Creatures
  An ogre (D:4)
  Crazy Yiuf (D:2)
  2 orc wizards (D:3)
  7 adders
  3 oozes (D:3)
  3 worms
  8 orcs
  5 bats
  3 giant cockroaches
  6 goblins
  14 hobgoblins
  2 jackals (D:1)
  A quokka (D:2)
  3 giant newts
  9 kobolds
  10 rats
  A fungus (D:2)
79 creatures vanquished.
